 Dungeon Crawl Stone Soup version 0.17-a0-1208-g5ea1814 (webtiles) character file.

7 TheRake the Charmwright (level 1, -2/9 HPs)
             Began as a Spriggan Wanderer on June 4, 2015.
             Slain by a giant gecko (4 damage)
             ... on level 1 of the Dungeon.
             The game lasted 00:04:13 (496 turns).

TheRake the Charmwright (Spriggan Wanderer)          Turns: 496, Time: 00:04:13

Health: -2/9       AC:  2    Str:  7    XL:     1   Next: 83%
Magic:  1/5        EV: 15    Int: 12    God:
Gold:   13         SH:  0    Dex: 17    Spells: 3 memorised, 2 levels left

rFire  . . .     SeeInvis +     e - +0 dagger
rCold  . . .     Clarity  .     d - +0 robe
rNeg   . . .     SustAt   .     (shield restricted)
rPois  .         Gourm    .     (helmet restricted)
rElec  .         Spirit   .     (no cloak)
rCorr  .         Warding  .     (gloves unavailable)
rMut   .         Stasis   .     (boots unavailable)
MR     .....                    (no amulet)
Stlth  ++........               (no ring)
                                (no ring)

@: very quick, not resistant to hostile enchantments, unstealthy
A: unfitting armour, see invisible, herbivore 3, speed 3, slow metabolism 2
a: no special abilities


You were on level 1 of the Dungeon.
You were not hungry.

You visited 1 branch of the dungeon, and saw 1 of its levels.

You collected 13 gold pieces.

Inventory:

Hand weapons
 e - a +0 dagger (weapon)
Missiles
 h - 15 poisoned needles
Armour
 d - a +0 robe (worn)
Potions
 g - a potion of flight {unknown}
Books
 a - a book of Battle

   Spells                             Type                      Level
   a - Infusion                       Charms                       1
   b - Shroud of Golubria             Charms/Translocation         2
   c - Song of Slaying                Charms                       2
   d - Spectral Weapon                Hexes/Charms                 3
   e - Regeneration                   Charms/Necromancy            3
 b - the Grimoire of Creation

   Spells                             Type                      Level
   a - Summon Small Mammal            Summoning                    1
   b - Call Canine Familiar           Summoning                    3
 c - Kuis's Handbook of Execration

   Spells                             Type                      Level
   a - Corona                         Hexes                        1
   b - Dazzling Spray                 Conjuration/Hexes            3
Comestibles
 f - a bread ration


   Skills:
 + Level 2.1 Stealth
 + Level 2.8 Spellcasting
 + Level 2.8 Hexes
 - Level 3.0 Charms
   Level 1.7 Air Magic
   Level 1.3 Evocations


You had 2 spell levels left.
You knew the following spells:

 Your Spells              Type           Power        Failure   Level  Hunger
a - Summon Small Mammal   Summ           #...         28%         1    #......
b - Infusion              Chrm           #.....       10%         1    #......
c - Corona                Hex            #......      10%         1    #......


Dungeon Overview and Level Annotations

Branches:
Dungeon (1/15)

Altars:


Innate Abilities, Weirdness & Mutations

You are tiny and cannot use many weapons and most armour.
You have supernaturally acute eyesight.
You are a herbivore.
You cover ground extremely quickly.
You need consume almost no food.


Message History

Your bat dies!
Your bat's corpse disappears in a puff of smoke!
Your rat completely misses the giant gecko.
Your rat closely misses the giant gecko.
Found a stone staircase leading down.
Casting: Corona
Confirm with . or Enter, or press ? or * to list all spells.
Aiming: Corona
Press: ? - help, Shift-Dir - straight line, f/p - giant gecko
Aim: a giant gecko (almost dead, chance to defeat MR: 61%)
The giant gecko struggles to resist.
You are no longer magically infusing your attacks.
You barely miss the giant gecko.
The giant gecko is severely wounded.
The giant gecko bites you but does no damage.
Your rat barely misses the giant gecko.
The giant gecko barely misses you.
You barely miss the giant gecko.
The giant gecko is severely wounded.
Your rat barely misses the giant gecko.
The giant gecko bites you.
You die...

#.##....†.#
#.........#
##........#
#.)......#
#.#......#
#####.#......#
#............#
####......####+##
.......rl@.#
..........#.#
...........#.#
...........#..
..............#
######.#####..#
... ... .#. ..>


You could see a giant gecko and a friendly rat.

Vanquished Creatures
  A bat (D:1)
  A kobold (D:1)
  3 rats (D:1)
5 creatures vanquished.

Vanquished Creatures (collateral kills)
  A goblin (D:1)
  A hobgoblin (D:1)
  A ball python (D:1)
3 creatures vanquished.

Vanquished Creatures (others)
  A bat (D:1)
1 creature vanquished.

Grand Total: 9 creatures vanquished

Notes
Turn   | Place    | Note
--------------------------------------------------------------
     0 | D:1      | TheRake the Spriggan Wanderer began the quest for the Orb.
     0 | D:1      | TheRake set off with: a book of Battle, the Grimoire of Creation, Kuis's Handbook of Execration, a +0 robe, a +0 dagger, a bread ration
     0 | D:1      | Reached XP level 1. HP: 9/9 MP: 5/5
     2 | D:1      | Learned a level 1 spell: Summon Small Mammal
     4 | D:1      | Learned a level 1 spell: Infusion
     6 | D:1      | Learned a level 1 spell: Corona
   496 | D:1      | Slain by a giant gecko

Vault maps used:
D:1:      elethiomel_arrival_maze

Action                   || total
-------------------------++-------
Melee: Dagger            ||    30
 Cast: Summon Small Mamm ||     6
       Infusion          ||     3
       Corona            ||     1
 Stab: Sleeping          ||     1
